Cogmind - Beta 12 @@@ ROGUE MODE // 2023.11.28 @ 00:02:59 Player: KHORE-n Result: Destroyed by G-47 Trooper with Particle Gun Performance ------------- Evolutions (2) 1000 Regions Visited (4) 800 Robots Destroyed (55) 275 Value Destroyed (1653) 1653 Prototype IDs (2) 40 Alien Tech Used (0) 0 Bonus (200) 200 TOTAL SCORE: 3968 Bonus ------- Entered Garrisons 200 Cogmind --------- Core Integrity 0/550 Matter 289/300 Energy 100/100 System Corruption 0% Temperature Cool (9) Movement Core (50) Location -8/Garrison Parts ------- > --- POWER (1) -------- (None) > --- PROPULSION (2) --- (None) > --- UTILITY (4) ------ Weight Redist. System Visual Processing Unit Signal Interpreter > --- WEAPON (4) ------- (None) > --- INVENTORY (5) ---- (None) Peak State ------------ > --- POWER ------------ Reinforced Ion Engine > --- PROPULSION ------- Aluminum Leg Carbon-fiber Leg > --- UTILITY ---------- Small Storage Unit Signal Interpreter Melee Analysis Suite ECM Suite > --- WEAPON ----------- Beam Rifle Heavy Assault Rifle Autogun Shotgun > --- INVENTORY -------- Improved Ion Engine Light Nuclear Core Aluminum Leg Weight Redist. System Visual Processing Unit Reaction Control System Mining Laser Scythe [Rating: 21] Favorites ----------- Power Ion Engine Engine Ion Engine Power Core Light Nuclear Core Propulsion Aluminum Leg Leg Aluminum Leg Utility Small Storage Unit Device ECM Suite Storage Small Storage Unit Processor Signal Interpreter Protection Medium Armor Plating Weapon Heavy Assault Rifle Energy Gun Small Laser Ballistic Gun Heavy Assault Rifle Special Weapon Plasma Cutter Slashing Weapon Scythe Special Melee Weapon Datajack Build | -11 -10 -9 -8 -8 ------- Run | Jun Mat Mat Mat Gar Slots Evolved 4 | . . 2 2 . Power . | . . . . . Propulsion . | . . . . . Utility 2 | . . 1 1 . Weapon 2 | . . 1 1 . Parts Attached 55 | 7 8 25 7 8 Power 9 | 1 1 3 2 2 Engine 7 | 1 1 3 1 1 Core 2 | . . . 1 1 Reactor . | . . . . . Propulsion 15 | 2 2 7 2 2 Treads . | . . . . . Leg 15 | 2 2 7 2 2 Wheel . | . . . . . Hover . | . . . . . Flight . | . . . . . Utility 12 | 1 4 3 1 3 Device 4 | . . 1 1 2 Storage 1 | 1 . . . . Processor 3 | . 1 1 . 1 Hackware . | . . . . . Protection 4 | . 3 1 . . Artifact . | . . . . . Weapon 19 | 3 1 12 2 1 Energy Gun 6 | 2 1 2 1 . Energy Cannon . | . . . . . Ballistic Gun 7 | 1 . 6 . . Ballistic Cannon . | . . . . . Launcher . | . . . . . Special Weapon 2 | . . 1 1 . Impact Weapon . | . . . . . Slashing Weapon 3 | . . 2 . 1 Piercing Weapon . | . . . . . Special Melee Weapon 1 | . . 1 . . Unidentified Prototypes . | . . . . . Parts Lost 18 | . . 1 1 16 Power 4 | . . 1 . 3 Propulsion 4 | . . . . 4 Utility 4 | . . . . 4 Weapon 6 | . . . 1 5 Highest Loss Streak 11 | . . 1 1 11 To Critical Strikes . | . . . . . Average Slot Usage (%) 96 | . 98 98 99 67 Engine 10 | . 13 10 8 2 Leg 23 | . 27 22 18 13 Storage 11 | . 14 11 9 6 Processor 15 | . 8 20 18 15 Protection 2 | . 4 1 . . Energy Gun 7 | . 14 2 9 4 Ballistic Gun 19 | . 14 24 24 9 Special Weapon 1 | . . 1 2 4 Special Melee Weapon 1 | . . 2 . . Naked Turns . | . . . . . Heaviest Build 29 | 14 21 25 29 22 Greatest Support 30 | 20 20 20 25 30 Greatest Overweight (x) 4 | 2 4 2 2 2 Average Overweight (x) . | . . . . . Largest Inventory Capacity 8 | 8 8 8 8 8 Average Capacity 7 | 7 8 8 8 6 Most Carried 8 | 5 7 8 8 6 Average Carried 6 | 1 4 7 5 4 Final Capacity 8 | 8 8 8 8 5 Final Carried 7 | 1 7 7 6 . Class Distribution -------------------- 53% | Mutant 28% | Scavenger-Gunner 10% | Gunner 6% | Tank Dominant Class ---------------- Mutant | -10/Materials Scavenger-Gunner | -9/Materials Scavenger-Gunner | -8/Materials Mutant | -8/Garrison Resources | -11 -10 -9 -8 -8 ----------- Run | Jun Mat Mat Mat Gar Matter Collected 1473 | 220 222 763 196 72 Remotely . | . . . . . Salvage Created 1983 | . 404 1194 258 127 Parts 135 | . 28 90 12 5 Haulers Intercepted . | . . . . . Recyclers Shooed . | . . . . . Parts Field Recycled 2 | . . 2 . . Retrieved Matter 3 | . . 3 . . Parts Self-Destructed . | . . . . . Prevented . | . . . . . Kills | -11 -10 -9 -8 -8 ------- Run | Jun Mat Mat Mat Gar Combat Hostiles Destroyed 44 | . 12 23 5 4 Guns 43 | . 12 22 5 4 Cannons 1 | . . 1 . . Classes Destroyed 10 | . 4 4 2 . Worker 3 | . . 3 . . Recycler 1 | . . 1 . . Operator 2 | . 1 1 . . Watcher 5 | . 2 3 . . Swarmer 8 | . 6 . . 2 Grunt 23 | . 6 14 1 2 Brawler 1 | . . . 1 . Duelist 3 | . . 2 1 . Sentry 8 | . . 7 1 . Hunter 1 | . . . 1 . Best Kill Streak 4 | . 3 4 2 3 Combat Bots Only 3 | . 3 3 2 3 Max Kills in Single Turn 2 | . 2 1 1 1 Gunslinging . | . . . . . Exploded . | . . . . . Melee . | . . . . . Uniques/NPCs Destroyed . | . . . . . Combat | -11 -10 -9 -8 -8 -------- Run | Jun Mat Mat Mat Gar Damage Taken 3450 | . 422 1230 267 1531 Core 821 | . 94 172 . 555 Absorbed by Shields . | . . . . . Regen/Repaired (Parts) 65 | . 65 . . . Core Remaining (%) 73 | 100 62 57 . . Volleys Fired 142 | . 36 79 16 11 Largest 4 | . 2 3 4 4 Hottest 202 | . 70 138 125 202 Shots Fired 337 | . 70 187 52 28 Gun 329 | . 70 181 52 26 Cannon . | . . . . . Launcher . | . . . . . Special 8 | . . 6 . 2 Kinetic 253 | . 36 166 36 15 Thermal 84 | . 34 21 16 13 Explosive . | . . . . . Electromagnetic . | . . . . . Robot Hit Streak 17 | . 17 8 5 14 Robot Miss Streak 8 | . 3 8 4 2 Penetration Max . | . . . . . Secondary Targets 2 | . . 1 1 . Max Gunslinging Chain 1 | . . 1 1 . Shots Hit Robots 206 | . 44 108 34 20 Core Hits 102 | . 25 53 13 11 Critical Kills . | . . . . . Critical Parts Destroyed 2 | . . 1 1 . Critical Strikes 7 | . 2 2 2 1 Burn 4 | . 2 . 1 1 Destroy 3 | . . 2 1 . Melee Attacks 1 | . . 1 . . Impact . | . . . . . Slashing 1 | . . 1 . . Piercing . | . . . . . Sneak Attacks . | . . . . . Combat Hostiles . | . . . . . Follow-up Attacks . | . . . . . Damage Inflicted 3129 | . 543 1720 490 376 Guns 3089 | . 543 1698 490 358 Cannons . | . . . . . Explosions . | . . . . . Melee . | . . . . . Ramming 18 | . . . . 18 Kinetic 2434 | . 263 1598 331 242 Thermal 677 | . 280 122 159 116 Explosive . | . . . . . Electromagnetic . | . . . . . Impact . | . . . . . Slashing . | . . . . . Piercing . | . . . . . Highest Corruption . | . . . . . Average Corruption . | . . . . . Corruption Purged . | . . . . . Corruption Blocked . | . . . . . Overload Shots . | . . . . . Overflow Damage . | . . . . . Projectiles . | . . . . . Explosions . | . . . . . Melee . | . . . . . Knockbacks . | . . . . . Impact . | . . . . . Kinetic . | . . . . . Secondary . | . . . . . Self-Inflicted Damage 8 | . . . . 8 Shots . | . . . . . Rammed 3 | . . . . 3 Targets Rammed 3 | . . . . 3 Kicked . | . . . . . Crushed . | . . . . . Highest Temperature 379 | . 220 72 251 379 Average Temperature 68 | . 68 14 105 161 Received Heat Transfer 1368 | . 204 462 54 648 Siege Activations . | . . . . . Robots Corrupted . | . . . . . Combat Hostiles . | . . . . . Parts Fried . | . . . . . Impact Corruptions . | . . . . . Robots Melted . | . . . . . Combat Hostiles . | . . . . . Parts Melted 2 | . 2 . . . Heat Transferred 2142 | . 916 375 481 370 Parts Sabotaged . | . . . . . Parts Stolen . | . . . . . Parts Stripped . | . . . . . Power Chain Reactions . | . . . . . Missiles Intercepted . | . . . . . Alert | -11 -10 -9 -8 -8 ------- Run | Jun Mat Mat Mat Gar Peak Influence 344 | . 267 344 255 235 Initial 165 | . . 16 94 165 Average 140 | . 95 163 194 180 Maximum Alert Level 1 | . 1 1 1 1 Low Security (%) 76 | 100 98 63 51 79 Level 1 23 | . 1 36 48 20 Level 2 . | . . . . . Level 3 . | . . . . . Level 4 . | . . . . . Level 5 . | . . . . . High Security . | . . . . . Max Security . | . . . . . Squads Dispatched 11 | . 4 4 3 . Investigation 8 | . 4 4 . . Extermination . | . . . . . Reinforcement 1 | . . . 1 . Assault . | . . . . . Garrison 2 | . . . 2 . Intercept . | . . . . . Searches Triggered . | . . . . . Construction Impeded . | . . . . . Haulers Reinforced . | . . . . . Active Scanning Responses . | . . . . . Cargo Convoy Interrupts . | . . . . . Stealth | -11 -10 -9 -8 -8 --------- Run | Jun Mat Mat Mat Gar Distress Signals 1 | . . 1 . . Communications Jammed . | . . . . . Distress Signals . | . . . . . Times Spotted 78 | . 20 37 5 16 Peak Tracking Total 10 | . 3 4 3 10 Tactical Retreats 4 | . 1 1 . 2 Traps | -11 -10 -9 -8 -8 ------- Run | Jun Mat Mat Mat Gar Traps Triggered 6 | . 2 2 . 2 Indirectly . | . . . . . Trap Hack Attempts . | . . . . . Triggered . | . . . . . Disarmed 1 | . 1 . . . Reprogrammed . | . . . . . Reused . | . . . . . Traps Extracted . | . . . . . Installed . | . . . . . Triggered . | . . . . . Machines | -11 -10 -9 -8 -8 ---------- Run | Jun Mat Mat Mat Gar Machines Disabled 1 | . . 1 . . Max in Single Turn 1 | . . 1 . . Machines Repaired . | . . . . . Machines Sabotaged . | . . . . . Overloaded Fab Kills . | . . . . . Hacking | -11 -10 -9 -8 -8 --------- Run | Jun Mat Mat Mat Gar Machines Accessed 25 | . 11 12 1 1 Terminals 19 | . 8 10 . 1 Fabricators . | . . . . . Repair Stations 1 | . 1 . . . Recycling Units 3 | . 2 1 . . Scanalyzers 1 | . . 1 . . Garrison Access 1 | . . . 1 . Total Hacks 91 | . 43 43 3 2 Successful 60 | . 25 33 1 1 Failed 30 | . 18 9 2 1 Catastrophic 3 | . 2 1 . . Database Lockouts 1 | . . 1 . . Manual 4 | . 3 . . 1 Terminals 70 | . 32 36 . 2 Fabricators . | . . . . . Repair Stations 5 | . 5 . . . Recycling Units 9 | . 6 3 . . Scanalyzers 4 | . . 4 . . Garrison Access 3 | . . . 3 . Terminal Hacks 45 | . 18 26 . 1 Record 20 | . 3 17 . . Prototype ID Bank 1 | . 1 . . . Branch Access Points 2 | . 1 1 . . Emergency Access Points 1 | . 1 . . . Scanalyzer Index 1 | . 1 . . . Alert Level 7 | . 3 4 . . Unreport Threat 1 | . . 1 . . Locate Traps 2 | . 2 . . . Disarm Traps 1 | . 1 . . . Dispatch Records 1 | . 1 . . . Patrol Status 1 | . 1 . . . Investigation Status 1 | . 1 . . . Hauler Manifests 2 | . 1 1 . . Zone Layout 3 | . 1 2 . . Patrol Navigation 1 | . . . . 1 Fabricator Hacks . | . . . . . Repair Station Hacks 4 | . 4 . . . Scan Component 2 | . 2 . . . Repair 2 | . 2 . . . Recycling Unit Hacks 6 | . 3 3 . . Process 2 | . 1 1 . . Report Inventory 3 | . 2 1 . . Retrieve Matter 1 | . . 1 . . Scanalyzer 4 | . . 4 . . Insert Component 2 | . . 2 . . Analyze 2 | . . 2 . . Garrison Access Hacks 1 | . . . 1 . Unlock Access 1 | . . . 1 . Unauthorized Hacks . | . . . . . Terminals . | . . . . . Fabricators . | . . . . . Repair Stations . | . . . . . Recycling Units . | . . . . . Scanalyzers . | . . . . . Garrison Access . | . . . . . Data Cores Recovered 2 | . 1 1 . . Used . | . . . . . Hacking Detections 22 | . 8 12 1 1 Full Trace Events 11 | . 3 7 . 1 Feedback Events . | . . . . . Feedback Blocked . | . . . . . Robot Schematics Acquired . | . . . . . Robots Built . | . . . . . Authchips . | . . . . . Time . | . . . . . Total Robot Build Rating . | . . . . . Part Schematics Acquired 1 | . . 1 . . Parts Built . | . . . . . Authchips . | . . . . . Time . | . . . . . Total Part Build Rating . | . . . . . Parts Repaired 2 | . 2 . . . Time 58 | . 58 . . . Parts Recycled . | . . . . . Recycled Matter 185 | . 5 180 . . Retrieved Matter 395 | . . 395 . . Retrieved Components . | . . . . . Parts Scanalyzed 1 | . . 1 . . Part Schematics Acquired 1 | . . 1 . . Parts Damaged . | . . . . . Bothacking | -11 -10 -9 -8 -8 ------------ Run | Jun Mat Mat Mat Gar Used RIF Installer . | . . . . . Robots Hacked . | . . . . . Non-combat . | . . . . . Combat . | . . . . . Robot Hacks Applied . | . . . . . Relay Couplers Released . | . . . . . Fabnet Peak Effective % . | . . . . . Robots Rewired . | . . . . . Allies Hacked . | . . . . . Hacks Repelled . | . . . . . Allies | -11 -10 -9 -8 -8 -------- Run | Jun Mat Mat Mat Gar Total Allies . | . . . . . Largest Group . | . . . . . Highest-Rated Group . | . . . . . Highest-Rated Ally . | . . . . . Total Orders . | . . . . . Ally Attacks . | . . . . . Total Damage . | . . . . . Kills . | . . . . . Allies Corrupted . | . . . . . Allies Melted . | . . . . . Intel | -11 -10 -9 -8 -8 ------- Run | Jun Mat Mat Mat Gar Robot Analysis Total . | . . . . . Derelict Logs Recovered . | . . . . . Drone Launches . | . . . . . Drone Recoveries . | . . . . . Exploration | -11 -10 -9 -8 -8 ------------- Run | Jun Mat Mat Mat Gar Turns Passed 3761 | 52 1320 1942 214 233 Spaces Moved 1965 | 40 742 968 74 141 Core 55 | 22 7 . . 26 Treads . | . . . . . Legs 1910 | 18 735 968 74 115 Wheels . | . . . . . Hover . | . . . . . Flight . | . . . . . Fastest Speed 50 | 50 120 120 120 50 Average Speed 139 | 96 130 147 186 117 Slowest Speed 260 | 150 260 260 260 190 Overloaded Moves . | . . . . . Propulsion Burnouts . | . . . . . Robots Hopped . | . . . . . Cave-ins Triggered . | . . . . . Exploration Rate (%) 42 | 3 95 79 8 25 Regions Visited 4 Branch Regions . Pre-discovered Areas . | . . . . . Known Exits Taken 3 | . 1 1 1 . Unknown Exits Taken 1 | 1 . . . . Scrap Searched . | . . . . . Spaces Dug . | . . . . . Terrain Destroyed . | . . . . . Melee . | . . . . . Projectile . | . . . . . AOE . | . . . . . Terrain Rammed . | . . . . . Walls Destroyed . | . . . . . Machines Disabled . | . . . . . Actions | -11 -10 -9 -8 -8 --------- Run | Jun Mat Mat Mat Gar Total 2702 | 53 1023 1325 116 185 Wait 441 | . 216 203 12 10 Move 1961 | 39 741 967 73 141 Hop . | . . . . . Pick Up 55 | 7 14 27 5 2 Fast Attach . | . . . . . Attach 32 | 6 6 9 3 8 Detach 3 | . 3 . . . Swap 23 | 1 2 16 4 . Drop 31 | . 5 23 3 . Fire 142 | . 36 79 16 11 Melee 1 | . . 1 . . Ram 3 | . . . . 3 Kick . | . . . . . Crush . | . . . . . Escape Stasis 10 | . . . . 10 Rewire . | . . . . . Trap . | . . . . . Miscellaneous . | . . . . . Route ------- -11/Junkyard -10/Materials (discovered 5 exits: *Mat x3 / *Min x2) -9/Materials (discovered 4 exits: *Mat x2 / *Min x2) -8/Materials -8/Garrison History --------- Turn | Location | Event 9 | -11/Junkyard | Discovered new exit (range 16) 53 | -11/Junkyard | Entered Materials 305 | -10/Materials | Build established: Mutant 487 | -10/Materials | Repaired Ion Engine 521 | -10/Materials | Repaired Med. Armor Plating 582 | -10/Materials | Discovered new exit (range 6) 588 | -10/Materials | Identified exit to Mines 791 | -10/Materials | Discovered new exit (range 16) 813 | -10/Materials | Identified exit to Materials 882 | -10/Materials | Discovered exit to Mines (range 9) 1039 | -10/Materials | Discovered exit to Materials (range 11) 1103 | -10/Materials | Discovered exit to Materials (range 15) 1373 | -10/Materials | Entered another Materials area 1373 | -9/Materials | Evolved 2 slots: Utility x1, Weapon x1 1712 | -9/Materials | Discovered new exit (range 13) 1727 | -9/Materials | Identified exit to Mines 1767 | -9/Materials | Discovered exit to Mines (range 10) 1842 | -9/Materials | Central database locked down 1925 | -9/Materials | Discovered new exit (range 16) 1942 | -9/Materials | Identified exit to Materials 2556 | -9/Materials | Discovered exit to Materials (range 14) 2563 | -9/Materials | Build established: Gunner 2886 | -9/Materials | Build established: Scavenger-Gunner 3315 | -9/Materials | Entered another Materials area 3315 | -8/Materials | Evolved 2 slots: Utility x1, Weapon x1 3341 | -8/Materials | Garrison activated, responded to threat 3521 | -8/Materials | Identified exit to Garrison 3529 | -8/Materials | Entered Garrison 3570 | -8/Garrison | Triggered checkpoint 3676 | -8/Garrison | Core integrity fell below 50% 3684 | -8/Garrison | Triggered checkpoint 3711 | -8/Garrison | Lost 11 parts (1p2n3u5w) 3738 | -8/Garrison | Triggered checkpoint 3753 | -8/Garrison | Core integrity fell below 20% 3762 | -8/Garrison | Destroyed by G-47 Trooper with Particle Gun Last Messages --------------- 03680_ Sml. Storage Unit destroyed. 03685_ Critical hit (Burn: +37). 03686_ Acquired Carbon-fiber Leg. 03688_ Acquired 20 matter. 03691_ Acquired Carbon-fiber Leg. 03693_ Acquired 10 matter. 03723_ Carbon-fiber Leg destroyed. 03738_ Beams of light sweep through the air. An alarm sounds. 03742_ Connecting with Garrison Terminal... >>Download(Navigation) Retrieving Factory patrol records... Downloaded protocol data. 03742_ ALERT: Suspicious activity at Terminal G001. Transmitting hostile system tracking data. 03746_ Imp. Ion Engine destroyed. 03748_ Carbon-fiber Leg destroyed. 03750_ Slammed into Y-45 Defender. 03755_ Reaction Control System destroyed. 03758_ Critical hit (Burn: +37). 03758_ Lgt. Nuclear Core destroyed. Map ----- +----------------------------------------------------+ | ???????????## ## ## ##??????# #????????????? | | ???????????# ######## #????????????? | | ?????????? *% #????????????? | | ?????????? %= #????????????? | | ??????????## ## ## ###########????????????? | | ???????????# ## ## ###????????????????????? | | ???????????" #????????????????????? | | ???????????" #????????????????????? | | ???????????" #????????????????????? | | ???????????" #????????????????????? | | ???????????# ## ## ###????????????????????? | | ???????????? ??# ## ###########????????????? | | ???????????# ^ #????????????? | | ???????????# #????????????? | | ???????????# ######## #????????????? | | ???????????## ##""""######??????# #????????????? | | ?????????????????????????????????# #????????????? | | ?????????????????????????????????# #????????????? | | ?????????????????????????????????# #????????????? | | ?????????????????????????????????# #????????????? | | ?????????????????????????????????# #????????????? | | ?????????????????????????????????# #????????????? | | ?????????????????????????????????# #????????????? | | ?????????????????????????????????# #????????????? | | ????????????????????#########+#### #????????????? | | ????????????????????#" Y@ggg #????????????? | | ????????????????????#"T"##s####### #????????????? | | ????????????????????######g#?????# ??????????? | | ?????????????????????????# #?????# ???????? | | ?????????????????????????# ?????##########??????? | | ?????????????????????????# ?????????????????????? | | ?????????????????????????# ?????????????????????? | | ?????????????????????????# #?????????????????????? | | ?????????????????????????# #?????????????????????? | | ?????????????????????????? ??????????????????????? | | ?????????????????????????? ??????????????????????? | | ?????????????????????????? ??????????????????????? | | ?????????????????????????? ??????????????????????? | | ?????????????????????????? ??????????????????????? | | ?????????????????????????? ??????????????????????? | | ?????????????????????????? ??????????????????????? | | ?????????????????????????????????????????????????? | | ?????????????????????????????????????????????????? | | ?????????????????????????????????????????????????? | | ?????????????????????????????????????????????????? | | ?????????????????????????????????????????????????? | | ?????????????????????????????????????????????????? | | ?????????????????????????????????????????????????? | | ?????????????????????????????????????????????????? | | ?????????????????????????????????????????????????? | +----------------------------------------------------+ Best States ------------- Heat Dissipation 31 Energy Generation 14 Energy Capacity 265 Matter Stores 300 Matter Capacity 300 Sight Range 18 Terrain Scan Density 10 ECM Strength 1 Additional Mass Support 6 Armor Coverage 225 Evasion (%) 58 Melee Accuracy 5 Item Schematics ----------------- Scythe | -9/Materials | Scanalyzed Robot Schematics ------------------ None Fabricated ------------ Nothing Alien Tech Used ----------------- None Achievements -------------- Librarian Party Time Challenges ------------ None Game ------ Seed CentriumOpticalRail Manual? 0 Play Time 01:25:14 Cumulative 13.9 hours Start 2023.11.27 @ 22:28:34 End 2023.11.28 @ 00:02:59 Sessions 1 Manual Loads 0 Difficulty Rogue Special Mode None Game No. 11 Rogue 11 Adventurer 0 Explorer 0 Win Type - Total 0 Types 0/0/0/0/0/0/0/0/0 Lore% 6 Gallery% 15 Achievement% 15 Wizard Run 0 Options --------- ASCII 0 Keyboard 0 Movement Mouse Keybinds 0 Fullscreen 1 Font 24/Smallcaps Map View 76x50 Tactical HUD 1 Map Filters NONE Filters NONE Steam 1 RUN: 748db028-23d4-44a2-a8ea-43c3b967ed95